Map: Jagannatha LE

Players

khmate - Winner!

  • Race: Terran Terran

VOD

Have the link to the VOD?

Description

Time

  • Played on: Oct. 1, 2021, 4:04 a.m.
  • Length: 11:32
Show
View Real Time Build Order
Export as new Build Order

khmate Terran - Winner!

Build Orders:  

Get SALT Encoding   

  12  0:02  SCV  
  13  0:19  SCV  
  14  0:27  Refinery  
  14  1:17  Command Center  
  14  1:22  SCV  
  15  1:41  Supply Depot  
  15  2:18  SCV, Supply Depot  
  16  2:29  Barracks  
  16  2:35  SCV  
  17  2:52  SCV  
  17  2:55  Supply Depot  
  18  3:08  SCV  
  18  3:09  Barracks  
  19  3:25  SCV  
  20  3:36  Barracks  
  20  3:55  Barracks Reactor  
  20  4:18  Engineering Bay  
  20  4:28  Barracks Reactor  
  20  4:44  Barracks Reactor  
  20  4:45  Supply Depot  
  20  4:52  Marine  
  20  4:53  Marine  
  22  5:06  Terran Infantry Weapons Level 1  
  22  5:17  Marine  
  22  5:18  Marine x2  
  22  5:19  Marine  
  26  5:37  Supply Depot  
  26  5:38  Marine  
  27  5:42  Marine  
  27  5:43  Marine x3  
  27  5:44  Marine  
  32  6:07  Marine  
  32  6:08  Marine x3  
  32  6:09  Marine  
  37  6:15  Marine  
  38  6:32  Marine  
  38  6:33  Marine x2  
  41  6:53  Marine x2  
  41  6:56  Marine  
  41  6:57  Marine  
  45  7:00  Marine x2  
  47  7:18  Marine  
  48  7:25  Marine  
  49  7:46  Terran Infantry Armor Level 1  
Tags
 
Add a new tag
Caveats
  • Supply blocks, unpowered buildings, or Contaminate may cause inaccurate times.
  • Supply counts are checked every 10 seconds.